 Dungeon Crawl Stone Soup version 0.29.1-15-g9cfb28693d (webtiles) character file.

Game seed: 5214485507283407809

266 GigaChad the Chopper (level 6, -7/52 HPs)
             Began as a Minotaur Gladiator on Mar 12, 2023.
             Was an Initiate of Gozag.
             Mangled by an orc priest
             ... wielding a +0 short sword of electrocution
              (12 damage)
             ... on level 4 of the Dungeon.
             The game lasted 00:07:43 (2738 turns).

GigaChad the Chopper (Minotaur Gladiator)           Turns: 2738, Time: 00:07:44

Health: -7/52      AC: 10    Str: 21    XL:     6   Next: 0%
Magic:  5/5        EV:  9    Int:  5    God:    Gozag
Gold:   107        SH:  0    Dex: 11    Spells: 5/5 levels left

rFire   . . .      SeeInvis .   a - +0 war axe
rCold   . . .      Faith    .   (no shield)
rNeg    . . .      Spirit   .   h - +1 chain mail
rPois   .          Reflect  .   c - +0 hat
rElec   .          Harm     .   (no cloak)
rCorr   .          Rampage  .   (no gloves)
Will    .....                   (no boots)
Stlth   ..........              (no amulet)
HPRegen 0.17/turn               (no ring)
MPRegen 0.09/turn               (no ring)

@: gold aura
A: horns 2, retaliatory headbutt
a: Renounce Religion, Potion Petition, Call Merchant, Bribe Branch


You were on level 4 of the Dungeon.
You worshipped Gozag.
Gozag was aware of your devotion.
You visited 1 branch of the dungeon, and saw 4 of its levels.
You also visited: Sewer.

You collected 145 gold pieces.
You paid 38 gold pieces to Gozag.

Inventory:

Hand Weapons
 a - a +0 war axe (weapon)
Missiles
 d - 3 throwing nets (quivered)
 e - a javelin
Armour
 b - a +0 leather armour
 c - a +0 hat (worn)
 h - a +1 chain mail (worn)
Jewellery
 l - a ring of ice
Scrolls
 n - 3 scrolls of teleportation
 q - a scroll of fog
Potions
 f - a potion of brilliance {unknown}
 g - 3 potions of resistance
 i - a potion of lignification {unknown}
 j - 2 potions of curing
 k - a potion of heal wounds {unknown}
 m - a potion of attraction {unknown}
 p - a potion of cancellation {unknown}
 r - 2 potions of might {unknown}
 s - 2 potions of degeneration {unknown}
 t - 2 potions of haste
 v - a potion of mutation {unknown}


   Skills:
 + Level 3.9 Fighting
 + Level 5.7 Axes
 + Level 2.3 Throwing
 + Level 3.3 Armour
 + Level 4.0 Dodging


You had 5 spell levels left.
You didn't know any spells.
Your spell library contained the following spells:

 Spells                   Type           Power      Damage    Failure   Level
 Poisonous Vapours        Pois/Air       0%         N/A       100%        2
 Corpse Rot               Necr/Pois/Air  Unusable   N/A       N/A         4

Dungeon Overview and Level Annotations

Branches:
Dungeon (4/15)              Sewer (visited)
 Temple: D:4-7

Altars:
Gozag
Zin


Innate Abilities, Weirdness & Mutations

You have a pair of horns on your head.
You reflexively headbutt those who attack you in melee.


Message History

Found a stone staircase leading up.
The orc shouts!
The orc priest calls down the wrath of Beogh upon you.
Beogh smites you!
Things that are here:
7 gold pieces; a +0 war axe The orc priest is distracted by your dazzling golden aura.
An endoplasm comes into view.
The endoplasm quivers.
You closely miss the orc priest.
The orc priest is no longer distracted by gold.
The orc priest shouts!
The orc priest hits you but does no damage.
You are electrocuted!
You are too injured to fight recklessly!
You are too injured to fight recklessly!
You are too injured to fight recklessly!
You are too injured to fight recklessly!
Unknown command.
You slash the orc!
You kill the orc!
You hit the orc priest. The orc priest barely misses you.
You furiously retaliate!
You headbutt the orc priest.
You have reached level 6!
The orc priest closely misses you.
You see here a scarf of resistance.
You closely miss the orc priest. Your headbutt misses the orc priest.
The orc priest is moderately wounded.
The orc priest closely misses you.
The orc priest hits you but does no damage.
You are electrocuted!
* * * LOW HITPOINT WARNING * * *
The endoplasm is distracted by your dazzling golden aura.
The endoplasm quivers.
You slash the orc priest!
The orc priest is almost dead.
The orc priest hits you but does no damage.
You are electrocuted!
You die...
Your body crumbles into a pile of gold.

.......#.......##......
.......#...........#..##
...............#..##...#
.....##.###...##........
.#..#######.............
.##..#.......$$......<..
# .....##.##..$.........
..# ###............# ...
##....@....... ...
.....<$$o.....#.
........J.....#
#..$...?........
...............##
.............###
............#
....###......


You could see an orc priest and an endoplasm.

Vanquished Creatures
  A scorpion (D:4)
  An orc wizard (D:3)
  3 river rats (Sewer)
  7 adders
  A worm (D:3)
  7 orcs
  5 endoplasms
  3 giant cockroaches
  6 hobgoblins
  4 jackals
  6 quokkas
  10 ball pythons
  3 bats
  9 frilled lizards
  8 goblins
  4 kobolds
  13 rats
91 creatures vanquished.

Notes
Turn   | Place    | Note
-------+----------+-------------------------------------------
     0 | D:1      | GigaChad the Minotaur Gladiator began the quest for the
                  | Orb.
     0 | D:1      | Reached XP level 1. HP: 18/18 MP: 0/0
   164 | D:1      | Reached XP level 2. HP: 22/25 MP: 1/1
   229 | D:1      | Reached skill level 4 in Axes
   364 | D:1      | You fall into a shaft and drop 1 floor!
   527 | D:2      | Reached XP level 3. HP: 30/30 MP: 2/2
   935 | D:2      | Reached skill level 1 in Armour
  1223 | D:2      | Reached XP level 4. HP: 35/38 MP: 3/3
  1611 | D:3      | Found a faded altar of an unknown god.
  1634 | D:3      | Reached skill level 5 in Axes
  1642 | D:3      | Found a glowing drain.
  1657 | Sewer    | Entered a sewer
  1688 | Sewer    | Reached XP level 5. HP: 42/45 MP: 4/4
  2519 | D:3      | Found a glowing silver altar of Zin.
  2520 | D:3      | Found an opulent altar of Gozag.
  2535 | D:3      | Became a worshipper of Gozag Ym Sagoz the Greedy
  2736 | D:4      | Reached XP level 6. HP: 22/52 MP: 5/5
  2738 | D:4      | Mangled by an orc priest

Illustrated notes

Levels and vault maps discovered:
D:1:      doesnt_arrival_eight_statues, layout_loops_cross
D:2:      layout_basic, minivault_11, hangedman_abyss_or_decor_stabs,
          minmay_circle_x
D:3:      layout_loops_ring, grunt_temple_overflow_gold_and_silver,
          ebering_ecumenical_altar_box, portal_sewer_entry_b
D:4:      layout_cave_pools, minmay_temple_entry_wispy

Skill      XL: |  1  2  3  4  5 |
---------------+----------------+-----
Axes           | 4 5 |  5.7
Fighting       | 3 |  3.9
Armour         | 1 2 3 |  3.3
Dodging        | 4 |  4.0
Throwing       | |  2.3

Action                   |  1- 3 |  4- 6 || total
-------------------------+-------+-------++-------
Melee: War axe           |    84 |   103 ||   187
       Headbutt          |     7 |    13 ||    20
       Punch             |       |     1 ||     1
  Use: Scroll            |       |     7 ||     7
Armor: Leather armour    |     6 |       ||     6
       Chain mail        |    40 |    45 ||    85
Dodge: Dodged            |    53 |    53 ||   106
